 Dungeon Crawl Stone Soup version 0.28.0 (webtiles) character file.

Game seed: 6730261749685970436

376 Sanktem7 the Slasher (level 6, 0/55 HPs)
             Began as a Minotaur Fighter on Feb 9, 2022.
             Slain by an iguana (9 damage)
             ... on level 5 of the Dungeon.
             The game lasted 00:05:42 (3238 turns).

Sanktem7 the Slasher (Minotaur Fighter)             Turns: 3238, Time: 00:05:42

Health: 0/55       AC: 10    Str: 22    XL:     6   Next: 44%
Magic:  5/5        EV:  6    Int:  5    God:
Gold:   68         SH: 13    Dex: 16    Spells: 5/5 levels left

rFire   . . .      SeeInvis .   a - +0 long sword
rCold   . . .      Faith    .   t - +0 tower shield {AC+3}
rNeg    . . .      Spirit   .   b - +0 scale mail
rPois   .          Reflect  .   (helmet restricted)
rElec   .          Harm     .   (no cloak)
rCorr   .          Rampage  .   (no gloves)
Will    .....                   (no boots)
Stlth   ..........              (no amulet)
HPRegen 0.18/turn               k - +6 ring of dexterity
MPRegen 0.09/turn               (no ring)

@: no status effects
A: horns 2, retaliatory headbutt
a: no special abilities


You were on level 5 of the Dungeon.
You visited 1 branch of the dungeon, and saw 5 of its levels.

You collected 194 gold pieces.
You spent 126 gold pieces at shops.

Inventory:

Hand Weapons
 a - a +0 long sword (weapon)
Missiles
 c - 20 arrows
Armour
 b - a +0 scale mail (worn)
 t - a +0 tower shield of protection (worn)
Jewellery
 k - a +6 ring of dexterity (left hand)
Wands
 m - a wand of acid (7)
Scrolls
 e - a scroll of immolation {unknown}
 f - a scroll of brand weapon {unknown}
 g - a scroll of enchant weapon {unknown}
 l - a scroll of noise {unknown}
 n - a scroll of fear {unknown}
 r - a scroll of blinking {unknown}
 s - 4 scrolls of identify {unknown}
 u - a scroll of enchant armour {unknown}
 v - a scroll of holy word {unknown}
Potions
 d - a potion of might
 h - a potion of degeneration {unknown}
 i - a potion of heal wounds {unknown}
 j - a potion of curing {unknown}
 o - 2 potions of haste {unknown}
 p - a potion of invisibility {unknown}
 q - a potion of brilliance {unknown}


   Skills:
 * Level 4.9 Fighting
 * Level 6.4 Long Blades
 * Level 5.1 Armour
 + Level 0.8 Dodging
 + Level 0.1 Stealth
 - Level 3.8 Shields


You had 5 spell levels left.
You didn't know any spells.
Your spell library contained the following spells:

 Spells                   Type           Power      Damage    Failure   Level
 Dazzling Flash           Conj/Hex       0%         N/A       100%        3
 Gell's Gravitas          Tloc           0%         N/A       100%        3
 Lesser Beckoning         Tloc           0%         N/A       100%        3
 Teleport Other           Tloc           0%         N/A       100%        3
 Agony                    Necr           0%         N/A       100%        5
 Silence                  Hex/Air        0%         N/A       100%        5


Dungeon Overview and Level Annotations

Branches:
Dungeon (5/15)             Temple (0/1) D:5

Altars:
Ashenzari
Qazlal

Shops:
D:4 [


Innate Abilities, Weirdness & Mutations

You have a pair of horns on your head.
You reflexively headbutt those who attack you in melee.


Message History

Found a staircase to the Ecumenical Temple.
An ogre comes into view. It is wielding a +0 giant club.
The ogre shouts!
You hear an angry hiss.
An ogre is nearby!
An iguana comes into view.
The ogre hits you with a +0 giant club.
You hit the ogre.
The ogre is lightly wounded.
You block the ogre's attack.
You barely miss the ogre.
The ogre is lightly wounded.
The ogre closely misses you.
You barely miss the ogre. You headbutt the ogre!
The ogre is moderately wounded.
The ogre hits you with a +0 giant club! You block the ogre's attack.
You hit the ogre. You headbutt the ogre!
The ogre is severely wounded.
The ogre hits you with a +0 giant club!!
* * * LOW HITPOINT WARNING * * *
You slash the ogre!
You kill the ogre!
You block the iguana's attack.
You hit the iguana but do no damage. Your headbutt misses the iguana.
You block the iguana's attack.
You barely miss the iguana. The iguana bites you!
* * * LOW HITPOINT WARNING * * *
You slash the iguana! Your headbutt misses the iguana.
The iguana is heavily wounded.
You block the iguana's attack. The iguana bites you.
* * * LOW HITPOINT WARNING * * *
You barely miss the iguana.
The iguana is heavily wounded.
You block the iguana's attack.
You barely miss the iguana.
The iguana is heavily wounded.
You block the iguana's attack. x2
You closely miss the iguana.
The iguana is heavily wounded.
The iguana bites you!
You die...

# #. .# #.#. .#
###.#.# .### ...
... ... ... .. ..
#.#.##. .# #
##.#...l##.#.#.#.
.....#..@........
#...#.##.#.##.#. #
#........#...
.##.##.#.#...#...
.......#.#.>.#.##.
#..#..........
#..#....#.#.#..
### ##....##.#.#.#
# ..###
###..#........ .


You could see an iguana.

Vanquished Creatures
  An ogre (D:5)
  A scorpion (D:4)
  2 hounds (D:4)
  An iguana (D:4)
  A howler monkey skeleton (D:4)
  5 adders
  2 worms
  A dart slug (D:3)
  5 orcs (D:3)
  4 ball pythons
  6 bats
  5 endoplasms
  4 giant cockroaches
  10 goblins
  3 hobgoblins
  3 jackals (D:4)
  2 quokkas
  5 frilled lizards
  8 kobolds
  25 rats
94 creatures vanquished.

Notes
Turn   | Place    | Note
-------+----------+-------------------------------------------
     0 | D:1      | Sanktem7 the Minotaur Fighter began the quest for the Orb.
     0 | D:1      | Reached XP level 1. HP: 19/19 MP: 0/0
   112 | D:1      | Reached XP level 2. HP: 27/27 MP: 1/1
   316 | D:1      | Found a faded altar of an unknown god.
   831 | D:2      | Reached XP level 3. HP: 33/33 MP: 2/2
   834 | D:2      | Reached skill level 3 in Long Blades
  1477 | D:3      | Found a stormy altar of Qazlal.
  1477 | D:3      | Found a broken altar of Ashenzari.
  1483 | D:3      | Reached XP level 4. HP: 36/40 MP: 3/3
  1533 | D:3      | Reached skill level 4 in Long Blades
  2205 | D:4      | Found Tybef's Armour Shoppe.
  2209 | D:4      | Bought a +0 tower shield of protection for 126 gold pieces
  2227 | D:4      | Noticed a scorpion
  2231 | D:4      | Killed a scorpion
  2232 | D:4      | Reached skill level 5 in Long Blades
  2232 | D:4      | Reached XP level 5. HP: 47/47 MP: 4/4
  2823 | D:4      | Reached skill level 5 in Armour
  2823 | D:4      | Reached XP level 6. HP: 48/53 MP: 5/5
  3144 | D:4      | Reached skill level 6 in Long Blades
  3186 | D:5      | Entered Level 5 of the Dungeon
  3216 | D:5      | Found a staircase to the Ecumenical Temple.
  3238 | D:5      | Slain by an iguana

Illustrated notes

Levels and vault maps discovered:
D:1:      roderic_chinese_lattice_arrival, layout_basic,
          shapermc_ecumenical_altar_starsandcircs
D:2:      layout_loops_ring, kennysheep_generic_room_6
D:3:      layout_basic, grunt_temple_overflow_open
D:4:      layout_gridville, serial_shops, shop_statue, minmay_rat_hole
D:5:      layout_loops_corners, minmay_temple_entry_ruins

Skill      XL: |  1  2  3  4  5  6 |
---------------+-------------------+-----
Armour         | 4 5 |  5.1
Fighting       | 4 |  4.9
Long Blades    | 3 5 6 |  6.4
Dodging        | |  0.8
Stealth        | |  0.1
Shields        | |  3.8

Action                   |  1- 3 |  4- 6 || total
-------------------------+-------+-------++-------
Melee: Long sword        |    86 |   126 ||   212
       Headbutt          |     7 |    17 ||    24
Evoke: Wand              |       |     1 ||     1
Armor: Scale mail        |    44 |    54 ||    98
Dodge: Dodged            |    42 |    43 ||    85
Block: Buckler           |    23 |     4 ||    27
       Tower shield      |       |    85 ||    85
